[Event "Titled Tuesday Blitz May 2 Early 2023"]
[White "Sethuraman, S.P."]
[Black "Firouzja, Alireza"]
[WhiteFideId "5021596"]
[BlackFideId "12573981"]
[WhiteElo "2543"]
[BlackElo "2904"]
[Result "0-1"]
[Round "04"]
[TimeControl "180+2"]
[Date "2023.05.02"]
[WhiteClock "0:00:02"]
[BlackClock "0:00:09"]

1. e4 c5 2. Nf3 e6 3. d4 cxd4 4. Nxd4 Nc6 5. Nc3 a6 6. a3 Nge7 7. Be3 b5 8. Be2 Bb7 9. O-O Rc8 10. Nxc6 Nxc6 11. f4 Be7 12. Bd3 O-O 13. Qh5 g6 14. Qh3 f5 15. Rad1 Qc7 16. exf5 gxf5 17. Nd5 exd5 18. Bxf5 Rxf5 19. Qxf5 d4 20. Rf3 Rf8 21. Rg3+ Kh8 22. Qg4 Bf6 23. Bf2 d6 24. Rh3 Bc8 25. f5 Rg8 26. Qh5 Bb7 27. Bg3 Ne5 28. Qh6 Ng4 29. Qd2 Ne3 30. Re1 Bxg2 31. Rxe3 Bxh3 32. Re6 Qf7 33. Rxd6 Bxf5 34. Qf4 Bg7 35. Rxd4 Bxd4+ 36. Qxd4+ Qg7 37. Qe3 h6 38. Kf2 Kh7 39. Be5 Qf7 40. Qf4 Bg6 0-1


[Site "https://www.chess.com"]

[Event "Titled Tuesday Blitz May 2 Early 2023"]
[White "Caruana, Fabiano"]
[Black "Maksimovic, Bojan"]
[WhiteFideId "2020009"]
[BlackFideId "14408120"]
[WhiteElo "2837"]
[BlackElo "2468"]
[Result "1-0"]
[Round "04"]
[TimeControl "180+2"]
[Date "2023.05.02"]
[WhiteClock "0:02:42"]
[BlackClock "0:02:05"]

1. e4 g6 2. d4 Nf6 3. Nc3 d5 4. e5 Ne4 5. Bd3 Nxc3 6. bxc3 c5 7. h4 Nc6 8. h5 c4 9. Be2 Bg7 10. h6 Bf8 11. Nf3 f6 12. Bf4 g5 13. Nxg5 fxg5 14. Bh5+ Kd7 15. e6+ Kxe6 16. Qg4+ Kf6 17. Bxg5# 1-0


[Site "https://www.chess.com"]

[Event "Titled Tuesday Blitz May 2 Early 2023"]
[White "Yu, Yangyi"]
[Black "Livaic, Leon"]
[WhiteFideId "8603820"]
[BlackFideId "14531534"]
[WhiteElo "2783"]
[BlackElo "2509"]
[Result "0-1"]
[Round "04"]
[TimeControl "180+2"]
[Date "2023.05.02"]
[WhiteClock "0:00:02"]
[BlackClock "0:00:09"]

1. d4 Nf6 2. c4 e6 3. Nc3 d5 4. Nf3 a6 5. c5 b6 6. cxb6 cxb6 7. Bf4 Bd6 8. Bxd6 Qxd6 9. e3 Bb7 10. Bd3 O-O 11. O-O Nc6 12. Rc1 Rfc8 13. h3 h6 14. a3 Rc7 15. Rc2 b5 16. Ne2 Rac8 17. Qb1 b4 18. Qa1 Nd7 19. Rfc1 Nb6 20. Nd2 a5 21. Nb3 a4 22. Nc5 b3 23. Rc3 Na5 24. Bb5 Bc6 25. Ba6 Ra8 26. Qb1 Nac4 27. Bxc4 Nxc4 28. Nf4 e5 29. Nfd3 e4 30. Nb4 Bb5 31. Rd1 f5 32. Qc1 Rf8 33. Re1 Rcf7 34. g3 g5 35. Rxc4 Bxc4 36. Qc3 Kh7 37. Rc1 f4 38. exf4 gxf4 39. g4 Qe7 40. Re1 f3 41. Nxe4 dxe4 42. Qxc4 Qh4 43. Qf1 Rg7 44. Rxe4 h5 45. Qd3 Kh8 46. Qe3 Qxh3 47. Qh6+ Kg8 48. Qe6+ Kh7 0-1


[Site "https://www.chess.com"]

[Event "Titled Tuesday Blitz May 2 Early 2023"]
[White "Andreikin, Dmitry"]
[Black "Kravtsiv, Martyn"]
[WhiteFideId "4158814"]
[BlackFideId "14113147"]
[WhiteElo "2736"]
[BlackElo "2695"]
[Result "1-0"]
[Round "04"]
[TimeControl "180+2"]
[Date "2023.05.02"]
[WhiteClock "0:00:02"]
[BlackClock "0:00:03"]

1. Nf3 Nf6 2. c4 e6 3. g3 d5 4. Bg2 Be7 5. O-O O-O 6. b3 d4 7. Bb2 c5 8. b4 Nc6 9. bxc5 e5 10. d3 Nd7 11. Ba3 Qa5 12. Nfd2 Qc7 13. Ne4 Nd8 14. Nbd2 f5 15. Nd6 Nxc5 16. Nb5 Qd7 17. Bd5+ Kh8 18. Nf3 Nc6 19. Bxc6 bxc6 20. Nxe5 Qe6 21. Nxd4 Qxe5 22. Nxc6 Qe6 23. Nxe7 Qxe7 24. d4 Re8 25. Bxc5 Qf7 26. d5 f4 27. Bd6 Bh3 28. Bxf4 Re4 29. Qd3 Rae8 30. Rfe1 Bf5 31. Qc3 h5 32. d6 Rxc4 33. Qb3 Be6 34. Qd3 Bf5 35. Qb3 Be6 36. Qf3 Bg4 37. Qg2 Rc2 38. Rac1 Rexe2 39. Rxe2 Rxe2 40. h3 Bd7 41. Qf3 Qe8 42. Rc7 Re1+ 43. Kh2 h4 44. gxh4 Kg8 45. Qd5+ Be6 46. d7 Qd8 47. Rc8 1-0


[Site "https://www.chess.com"]

[Event "Titled Tuesday Blitz May 2 Early 2023"]
[White "Xu, Yi"]
[Black "Duda, Jan-Krzysztof"]
[WhiteFideId "8605564"]
[BlackFideId "1170546"]
[WhiteElo "2471"]
[BlackElo "2790"]
[Result "0-1"]
[Round "04"]
[TimeControl "180+2"]
[Date "2023.05.02"]
[WhiteClock "0:00:03"]
[BlackClock "0:00:08"]

1. e4 c5 2. Nf3 d6 3. d4 cxd4 4. Nxd4 Nf6 5. Nc3 a6 6. f3 e5 7. Nb3 Be6 8. Be3 h5 9. Be2 Nbd7 10. f4 Qc7 11. h3 b5 12. a3 Nb6 13. O-O Be7 14. Qe1 Rb8 15. f5 Bd7 16. Bd3 d5 17. exd5 Nbxd5 18. Nxd5 Nxd5 19. Bd2 O-O 20. Kh1 Bc6 21. Ba5 Qa7 22. Be4 Rfe8 23. Bd2 Bf6 24. Na5 Ba8 25. Qe2 h4 26. Qf3 Rbd8 27. Rad1 Qc7 28. Nb3 Nb6 29. Ba5 Bxe4 30. Qxe4 Rc8 31. Bxb6 Qxb6 32. c3 Rc4 33. Qe2 Bg5 34. Nd2 Bxd2 35. Rxd2 Qc6 36. f6 Rf4 37. fxg7 Rxf1+ 38. Qxf1 Kxg7 39. Rf2 Qg6 40. Qe2 e4 41. Rf4 f5 42. Qf2 e3 43. Qe1 Qg5 44. Rxh4 e2 45. Rd4 Qe3 46. Rd7+ Re7 47. Rxe7+ Qxe7 48. Kh2 Qe5+ 49. Kg1 Qe3+ 50. Kh2 f4 51. Kh1 Kf6 52. h4 Kf5 53. h5 Kg5 54. h6 Kxh6 55. Qh4+ Kg6 56. Qg4+ Kf6 57. Qh4+ Ke6 58. Qh6+ Kd5 59. Qg5+ Kc4 60. Qg8+ Kd3 61. Qg6+ Kd2 62. Qd6+ Kc1 0-1


[Site "https://www.chess.com"]

[Event "Titled Tuesday Blitz May 2 Early 2023"]
[White "Sarana, Alexey"]
[Black "Goltsev, Dmitry"]
[WhiteFideId "24133795"]
[BlackFideId "24176710"]
[WhiteElo "2714"]
[BlackElo "2336"]
[Result "1-0"]
[Round "04"]
[TimeControl "180+2"]
[Date "2023.05.02"]
[WhiteClock "0:00:27"]
[BlackClock "0:00:54"]

1. d4 Nf6 2. c4 e6 3. Nc3 b6 4. e4 d6 5. Bd3 Bb7 6. Nge2 e5 7. O-O Nbd7 8. f4 Be7 9. Kh1 a5 10. b3 O-O 11. Bc2 Re8 12. Ng3 exd4 13. Qxd4 Nc5 14. Bb2 Ne6 15. Qd2 Nd7 16. Nd5 Bf8 17. Rad1 c6 18. Ne3 g6 19. e5 dxe5 20. Qxd7 Qxd7 21. Rxd7 Bc8 22. Rdd1 exf4 23. Ng4 Bg7 24. Bxg7 Kxg7 25. Ne4 f5 26. Nd6 Rd8 27. Ne5 c5 28. Nc6 Rd7 29. Rfe1 Kf6 30. h4 Bb7 31. Ne5 Re7 32. Nxb7 Rxb7 33. Rd6 Re8 34. Nc6 Rc7 35. Kh2 h6 36. h5 gxh5 37. Bd1 1-0


[Site "https://www.chess.com"]

[Event "Titled Tuesday Blitz May 2 Early 2023"]
[White "Gharibyan, Mamikon"]
[Black "Bortnyk, Olexandr"]
[WhiteFideId "13308300"]
[BlackFideId "14120828"]
[WhiteElo "2445"]
[BlackElo "2734"]
[Result "0-1"]
[Round "04"]
[TimeControl "180+2"]
[Date "2023.05.02"]
[WhiteClock "0:00:01"]
[BlackClock "0:00:12"]

1. d4 d6 2. Nf3 Nf6 3. Bf4 Nbd7 4. h3 b6 5. e3 Bb7 6. Nbd2 e6 7. c3 Be7 8. Bd3 h6 9. a4 a6 10. Qe2 Ra7 11. e4 Qa8 12. O-O g5 13. Bg3 g4 14. hxg4 Nxg4 15. a5 b5 16. c4 bxc4 17. Nxc4 Ndf6 18. Nfd2 h5 19. Bh4 Nxe4 20. Nxe4 Bxh4 21. f3 Nh6 22. Nexd6+ cxd6 23. Nxd6+ Ke7 24. Rac1 Bd5 25. Qe5 Qb8 26. Qxh5 Bf6 27. Nc8+ Rxc8 28. Rxc8 Bxd4+ 29. Kh1 Qxc8 30. Qh4+ Bf6 31. Qb4+ Ke8 32. Qf4 Bg7 33. Rc1 Qd8 34. b4 Kf8 35. g4 Ra8 36. Rc7 Qh4+ 37. Kg2 Qxg4+ 38. Qxg4 Nxg4 0-1


[Site "https://www.chess.com"]

[Event "Titled Tuesday Blitz May 2 Early 2023"]
[White "Kovalenko, Igor"]
[Black "Le, Tuan Minh"]
[WhiteFideId "14117908"]
[BlackFideId "12401153"]
[WhiteElo "2574"]
[BlackElo "2566"]
[Result "0-1"]
[Round "04"]
[TimeControl "180+2"]
[Date "2023.05.02"]
[WhiteClock "0:02:12"]
[BlackClock "0:01:09"]

1. c4 c6 2. Nf3 d5 3. e3 Nf6 4. Nc3 a6 5. b3 Bg4 6. h3 Bh5 7. Bb2 e6 8. Be2 Nbd7 9. d4 Bd6 10. Nd2 Bg6 11. O-O Qe7 12. c5 Bc7 13. f4 h6 14. b4 Bf5 15. Nf3 g5 16. Ne5 gxf4 17. exf4 Rg8 18. Kh2 Nxe5 19. fxe5 O-O-O 20. Qe1 Ne4 21. Nxe4 dxe4 22. Kh1 f6 23. Qh4 Qg7 24. g4 fxe5 25. dxe5 Rd2 26. Rg1 Bg6 0-1


[Site "https://www.chess.com"]

[Event "Titled Tuesday Blitz May 2 Early 2023"]
[White "Kuzubov, Yuriy"]
[Black "Beerdsen, Thomas"]
[WhiteFideId "14112906"]
[BlackFideId "1030108"]
[WhiteElo "2496"]
[BlackElo "2547"]
[Result "0-1"]
[Round "04"]
[TimeControl "180+2"]
[Date "2023.05.02"]
[WhiteClock "0:00:06"]
[BlackClock "0:01:20"]

1. d4 Nf6 2. c4 a6 3. e3 b5 4. cxb5 axb5 5. Bxb5 c5 6. Nc3 cxd4 7. Qxd4 Bb7 8. Nf3 g6 9. O-O Bg7 10. Qd1 O-O 11. Bd2 Qb6 12. a4 Nc6 13. Qe2 Na5 14. Rad1 Nb3 15. Be1 d6 16. Nd2 Nxd2 17. Bxd2 Rfc8 18. e4 Qd4 19. Be3 Qb4 20. f3 Nh5 21. Kh1 Bxc3 22. bxc3 Qxc3 23. Rc1 Qf6 24. a5 Rxa5 25. Rxc8+ Bxc8 26. Rc1 Be6 27. Kg1 Nf4 28. Bxf4 Qxf4 29. Rd1 Ra2 30. Qe1 Qg5 31. Bf1 Bh3 32. Qg3 Qc5+ 33. Kh1 Be6 34. h4 h5 35. Re1 Kg7 36. e5 d5 37. Qg5 Qf2 38. Rd1 Ra4 39. g3 Ra2 0-1


[Site "https://www.chess.com"]

[Event "Titled Tuesday Blitz May 2 Early 2023"]
[White "Sokolovsky, Yahli"]
[Black "Gupta, Abhijeet"]
[WhiteFideId "2820242"]
[BlackFideId "5010608"]
[WhiteElo "2316"]
[BlackElo "2528"]
[Result "0-1"]
[Round "04"]
[TimeControl "180+2"]
[Date "2023.05.02"]
[WhiteClock "0:00:01"]
[BlackClock "0:00:35"]

1. b3 Nf6 2. Bb2 g6 3. c4 Bg7 4. g3 O-O 5. Bg2 d6 6. d4 Na6 7. Nf3 e5 8. dxe5 dxe5 9. O-O e4 10. Ng5 Bf5 11. Nd2 Re8 12. f3 e3 13. Nb1 h6 14. Nh3 g5 15. Nc3 c6 16. g4 Bh7 17. Qe1 Nb4 18. Rd1 Qc7 19. f4 Nxg4 20. Qg3 f5 21. fxg5 Be5 22. Qh4 Bxh2+ 23. Kh1 Bg3 24. Qh5 Bh4 25. Nf4 Bxg5 26. Ncd5 cxd5 27. a3 Bxf4 28. axb4 Be5 29. Bxd5+ Kh8 30. Bc1 Bg7 31. Rf3 Nf2+ 32. Rxf2 exf2 33. Rf1 Qg3 34. Bxh6 Re7 35. Bg5 Bd4 36. Qh2 Qxh2+ 37. Kxh2 Rxe2 38. Kg2 Rg8 0-1


[Site "https://www.chess.com"]

[Event "Titled Tuesday Blitz May 2 Early 2023"]
[White "Van Foreest, Jorden"]
[Black "Weetik, Vjacheslav"]
[WhiteFideId "1039784"]
[BlackFideId "4153472"]
[WhiteElo "2633"]
[BlackElo "2469"]
[Result "1-0"]
[Round "04"]
[TimeControl "180+2"]
[Date "2023.05.02"]
[WhiteClock "0:00:19"]
[BlackClock "0:00:02"]

1. e4 c6 2. d4 d5 3. Nd2 dxe4 4. Nxe4 Nf6 5. Nxf6+ exf6 6. Bc4 Be7 7. Nf3 O-O 8. h3 Bd6 9. O-O Nd7 10. Re1 Nb6 11. Bb3 Bc7 12. c4 Be6 13. Qd3 Qd7 14. Bc2 g6 15. b3 Rfe8 16. Qf1 Rad8 17. Bd2 Nc8 18. Rad1 Ne7 19. Bc3 Bf5 20. Bxf5 Qxf5 21. Qd3 Qxd3 22. Rxd3 Nf5 23. Rxe8+ Rxe8 24. Kf1 Nd6 25. d5 Ne4 26. dxc6 bxc6 27. Bd4 Bb6 28. Be3 Kg7 29. g4 Ng3+ 30. Kg2 Ne4 31. b4 c5 32. b5 Re6 33. a4 Ba5 34. Rd5 Bb4 35. Rd7 a6 36. Ra7 a5 37. Ra6 Re7 38. Rc6 Kf8 39. Rc8+ Re8 40. Rc7 Re7 41. b6 Nd6 42. Rxc5 Bxc5 43. Bxc5 Rd7 44. Bxd6+ Rxd6 45. c5 Rd2 46. b7 Rb2 47. c6 Ke7 48. c7 Rxb7 49. c8=Q 1-0


[Site "https://www.chess.com"]

[Event "Titled Tuesday Blitz May 2 Early 2023"]
[White "Chigaev, Maksim"]
[Black "Karthik Rajaa"]
[WhiteFideId "4108116"]
[BlackFideId "25035215"]
[WhiteElo "2547"]
[BlackElo "2215"]
[Result "1-0"]
[Round "04"]
[TimeControl "180+2"]
[Date "2023.05.02"]
[WhiteClock "0:01:19"]
[BlackClock "0:00:18"]

1. d4 Nf6 2. Bg5 e6 3. e4 h6 4. Bxf6 Qxf6 5. Nc3 d6 6. Qd2 Nc6 7. Nge2 g6 8. g3 h5 9. h4 Bh6 10. f4 e5 11. Nd5 Qd8 12. dxe5 Nxe5 13. O-O-O c6 14. Ne3 Ng4 15. Nxg4 Bxg4 16. Bh3 Qd7 17. Bxg4 Qxg4 18. Qxd6 Bg7 19. Rhe1 Qc8 20. e5 Qd8 21. Nc3 Qe7 22. Ne4 Rd8 23. Nf6+ 1-0


[Site "https://www.chess.com"]

[Event "Titled Tuesday Blitz May 2 Early 2023"]
[White "Aldokhin, Ivan"]
[Black "Lenderman, Aleksandr"]
[WhiteFideId "24115720"]
[BlackFideId "2021285"]
[WhiteElo "2322"]
[BlackElo "2607"]
[Result "0-1"]
[Round "04"]
[TimeControl "180+2"]
[Date "2023.05.02"]
[WhiteClock "0:00:01"]
[BlackClock "0:01:00"]

1. e4 c6 2. Nc3 d5 3. d4 dxe4 4. Nxe4 Nf6 5. Nxf6+ exf6 6. c3 Bd6 7. Bd3 O-O 8. Ne2 Re8 9. Qc2 h5 10. O-O Nd7 11. Ng3 Qc7 12. f4 c5 13. Nxh5 cxd4 14. Qf2 dxc3 15. Qh4 cxb2 16. Bxb2 Qb6+ 17. Kh1 Qxb2 18. Nxg7 Kxg7 19. Qh7+ Kf8 20. Bc4 Ke7 21. Rad1 Bb4 22. Bxf7 Rf8 23. Be6+ Kxe6 24. Qe4+ Kf7 25. Qh7+ Ke8 26. Qe4+ Kd8 27. Rb1 Qc3 28. Rxb4 Re8 0-1


[Site "https://www.chess.com"]

[Event "Titled Tuesday Blitz May 2 Early 2023"]
[White "Ter-Sahakyan, Samvel"]
[Black "Baskin, Robert"]
[WhiteFideId "13302531"]
[BlackFideId "24662402"]
[WhiteElo "2566"]
[BlackElo "2472"]
[Result "1-0"]
[Round "04"]
[TimeControl "180+2"]
[Date "2023.05.02"]
[WhiteClock "0:00:04"]
[BlackClock "0:00:02"]

1. d4 Nf6 2. Nc3 d5 3. Bf4 c5 4. e3 Bg4 5. f3 Bd7 6. g4 e6 7. a3 Nc6 8. Qd2 cxd4 9. exd4 Qb6 10. O-O-O Rc8 11. Na4 Qd8 12. Kb1 Na5 13. Nc5 Nc4 14. Bxc4 dxc4 15. Ne2 Bc6 16. Rhf1 Be7 17. Nc3 O-O 18. N5e4 Nd5 19. Be5 f6 20. Bg3 b5 21. Nc5 Bxc5 22. dxc5 a5 23. Bd6 Re8 24. f4 Qd7 25. g5 f5 26. Nxd5 Bxd5 27. Qxa5 Ra8 28. Qc3 Ra4 29. h4 Rea8 30. Kc1 Qb7 31. h5 b4 32. axb4 Bg2 33. Rg1 Ra1+ 34. Kd2 Qd5+ 35. Ke2 Qe4+ 36. Kf2 Rxd1 37. Rxd1 Bh3 38. Qxh3 Qxc2+ 39. Ke1 Qxb2 40. Qf3 Ra2 41. g6 Qh2 42. Kf1 1-0


[Site "https://www.chess.com"]

[Event "Titled Tuesday Blitz May 2 Early 2023"]
[White "Suleymanli, Aydin"]
[Black "Jia, Haoxiang"]
[WhiteFideId "13413937"]
[BlackFideId "8602999"]
[WhiteElo "2559"]
[BlackElo "2331"]
[Result "1/2-1/2"]
[Round "04"]
[TimeControl "180+2"]
[Date "2023.05.02"]
[WhiteClock "0:00:05"]
[BlackClock "0:00:17"]

1. e4 c5 2. Nf3 e6 3. Nc3 a6 4. a4 Qc7 5. g3 Nc6 6. Bg2 b6 7. O-O Bb7 8. Re1 Be7 9. d3 d6 10. Bf4 Nf6 11. e5 dxe5 12. Nxe5 Nxe5 13. Bxe5 Qc8 14. Ne4 Nxe4 15. Bxe4 O-O 16. Qg4 g6 17. Bxb7 Qxb7 18. Bc3 Qd5 19. Re5 Qd6 20. Qf3 Rad8 21. Rae1 Rfe8 22. Qb7 a5 23. Qf3 Bf8 24. R5e4 Bg7 25. Bxg7 Kxg7 26. b3 e5 27. g4 Re6 28. Qg3 Rde8 29. Kg2 h6 30. h4 Qd5 31. g5 hxg5 32. hxg5 Rh8 33. Kg1 Rh5 34. f3 f6 35. gxf6+ Kxf6 36. f4 Rf5 37. fxe5+ Rexe5 38. Rxe5 Rxe5 39. Qf4+ Rf5 40. Qe4 Rg5+ 41. Kf2 Rf5+ 42. Kg2 Qd6 43. Qh4+ Rg5+ 44. Kf2 Qd5 45. Ke2 Qg2+ 46. Kd1 Qg4+ 47. Qxg4 Rxg4 48. Rf1+ Ke5 49. Rf2 g5 50. Ke2 Rg1 51. Rf8 Rg2+ 52. Kd1 Kd4 53. Rf6 Kc3 54. Rxb6 Rd2+ 55. Ke1 Rxc2 56. Rb5 Kxd3 57. Rxa5 g4 58. Kf1 g3 59. Kg1 Ke3 60. Ra8 Kd4 61. Rd8+ Kc3 62. Rb8 Rb2 63. Rb5 Kd4 64. Rb8 Rc2 65. Rd8+ Ke3 66. Rd5 Ke4 67. Rd8 Rc3 68. Re8+ Kf3 69. Rf8+ Ke2 70. Re8+ Kd2 71. Rb8 Kc2 72. Rb5 Kb2 73. Kg2 Ka3 74. a5 Rxb3 75. Rxb3+ Kxb3 76. a6 c4 77. a7 c3 78. a8=Q c2 79. Qd5+ Kb2 80. Qd4+ Kb1 81. Qb4+ Kc1 82. Kf3 g2 83. Kxg2 Kd1 84. Qd4+ Kc1 85. Kf2 Kb1 86. Qb4+ Ka2 87. Qc3 Kb1 88. Qb3+ Ka1 89. Qa3+ Kb1 90. Qb3+ Ka1 91. Qe3 Kb1 92. Qd3 Kb2 93. Qd2 Kb1 94. Qb4+ Ka2 95. Qa4+ Kb2 96. Qb4+ Ka2 1/2-1/2


[Site "https://www.chess.com"]

[Event "Titled Tuesday Blitz May 2 Early 2023"]
[White "Bachmann, Axel"]
[Black "Dilanyan, Grigor"]
[WhiteFideId "3700488"]
[BlackFideId "13303570"]
[WhiteElo "2605"]
[BlackElo "2229"]
[Result "1-0"]
[Round "04"]
[TimeControl "180+2"]
[Date "2023.05.02"]
[WhiteClock "0:01:11"]
[BlackClock "0:00:18"]

1. e4 e5 2. Bc4 Nf6 3. d3 c6 4. Nf3 d5 5. Bb3 Bd6 6. Nc3 O-O 7. Bg5 d4 8. Ne2 h6 9. Bd2 a5 10. a3 a4 11. Ba2 Bg4 12. Ng3 Nh5 13. Nxh5 Bxh5 14. g4 Bxg4 15. Rg1 h5 16. h3 Bxh3 17. Ng5 Bg4 18. Rxg4 hxg4 19. Qxg4 Qf6 20. O-O-O Qh6 21. Nxf7 Qxd2+ 22. Kxd2 Rxf7 23. Qg6 1-0


[Site "https://www.chess.com"]

[Event "Titled Tuesday Blitz May 2 Early 2023"]
[White "Novik, Maxim"]
[Black "Madaminov, Mukhiddin"]
[WhiteFideId "4102924"]
[BlackFideId "14210703"]
[WhiteElo "2287"]
[BlackElo "2511"]
[Result "0-1"]
[Round "04"]
[TimeControl "180+2"]
[Date "2023.05.02"]
[WhiteClock "0:00:01"]
[BlackClock "0:00:34"]

1. d4 e6 2. c4 b6 3. Qc2 Bb7 4. e4 Bb4+ 5. Bd2 a5 6. Bd3 Bxd2+ 7. Nxd2 Nc6 8. Ngf3 d6 9. O-O Nge7 10. Qc3 O-O 11. Rad1 Ng6 12. Rfe1 e5 13. dxe5 Ncxe5 14. Nxe5 Nxe5 15. f4 Nxd3 16. Qxd3 Qf6 17. b3 Qxf4 18. Rf1 Qe5 19. Rf5 Qe6 20. Rdf1 Rae8 21. R5f4 Qe5 22. h3 Re6 23. Qg3 Qd4+ 24. R1f2 Rg6 25. Qf3 Qa1+ 26. Kh2 Qe5 27. g3 Qe7 28. Qd3 Re6 29. Qd4 h6 30. h4 Re5 31. Qd3 Re8 32. Rxf7 Qxf7 33. Rxf7 Kxf7 34. Qf3+ Kg8 35. Qg4 Bxe4 36. Nxe4 Rxe4 37. Qd7 R4e7 38. Qc6 Rf8 39. h5 Rf5 40. g4 Rc5 41. Qa8+ Kh7 42. Qf3 Kg8 43. Kg3 Rce5 44. Kh4 Rf7 45. Qa8+ Kh7 46. Qg2 Rg5 47. Qc2+ Kg8 48. Qe4 Re5 49. Qa8+ Kh7 50. Qg2 g5+ 51. hxg6+ Kxg6 52. Qc2+ Kg7 53. Qd3 Rf4 54. Kg3 Rfe4 55. Kh4 h5 56. Qf3 Rxg4+ 57. Kh3 Rge4 58. Qg3+ Kf7 59. Qf2+ Ke7 60. Qf1 d5 0-1


[Site "https://www.chess.com"]

[Event "Titled Tuesday Blitz May 2 Early 2023"]
[White "Bernadskiy, Vitaliy"]
[Black "Karamsetty, Jeevan"]
[WhiteFideId "14100371"]
[BlackFideId "2025337"]
[WhiteElo "2488"]
[BlackElo "2111"]
[Result "1-0"]
[Round "04"]
[TimeControl "180+2"]
[Date "2023.05.02"]
[WhiteClock "0:00:38"]
[BlackClock "0:00:03"]

1. d4 g6 2. e4 d6 3. c4 Bg7 4. Nc3 e5 5. d5 a5 6. Nf3 Na6 7. Bg5 Ne7 8. Nd2 h6 9. Be3 f5 10. f3 f4 11. Bf2 g5 12. Be2 Ng6 13. a3 Bd7 14. Nb5 h5 15. h3 O-O 16. Qc2 b6 17. b3 Qc8 18. O-O-O Nc5 19. Kb1 Rf7 20. Ka2 Bf8 21. Nb1 a4 22. b4 Nb3 23. N1c3 c6 24. dxc6 Bxc6 25. Nxd6 Bxd6 26. Rxd6 Kg7 27. Rhd1 Be8 28. Bxb6 Ra6 29. Rd8 Qe6 30. R1d6 Qe7 31. c5 Nd4 32. Qd1 Rxb6 33. cxb6 Qb7 34. Rxd4 exd4 35. Qxd4+ Kf8 36. Qd6+ Ne7 37. Qh6+ Rg7 38. Rxe8+ Kxe8 39. Qxg7 Qc8 40. Bb5+ 1-0


[Site "https://www.chess.com"]

[Event "Titled Tuesday Blitz May 2 Early 2023"]
[White "Alinasab, Mobina"]
[Black "Bluebaum, Matthias"]
[WhiteFideId "12528897"]
[BlackFideId "24651516"]
[WhiteElo "2149"]
[BlackElo "2638"]
[Result "0-1"]
[Round "04"]
[TimeControl "180+2"]
[Date "2023.05.02"]
[WhiteClock "0:00:01"]
[BlackClock "0:00:06"]

1. Nf3 d5 2. g3 Nf6 3. Bg2 e6 4. O-O Bd6 5. b3 O-O 6. Bb2 c5 7. d4 Nc6 8. dxc5 Bxc5 9. Ne5 Bd6 10. Nxc6 bxc6 11. c4 Qe7 12. Nc3 Ba6 13. Rc1 Rfd8 14. Qc2 Rac8 15. Na4 e5 16. Rfd1 d4 17. c5 Bb8 18. b4 Bb5 19. Ba1 Qb7 20. a3 Qa6 21. Nb2 Bxe2 22. Re1 d3 23. Qd2 Rd4 24. Nd1 Rdd8 25. Nb2 Qb7 26. Nc4 Qe7 27. a4 Qe6 28. Na5 h6 29. b5 cxb5 30. axb5 e4 31. Nc6 Re8 32. Rxe2 dxe2 33. Qxe2 Nd7 34. Nxb8 Rxb8 35. c6 Nf6 36. Rc5 Qd6 37. Rc1 Qd3 38. Qxd3 exd3 39. Rd1 Rxb5 40. Bh3 Rc5 41. Bxf6 gxf6 42. Bd7 Ra8 43. Rxd3 a5 44. Ra3 a4 45. Kg2 Ra7 46. Kf3 Kf8 47. Ke4 Ke7 48. Kd4 Kd6 49. f4 Rb5 50. Kc4 Rb1 51. h3 Kc7 52. Kc5 Rb3 53. Ra2 a3 54. Kd4 Rb2 55. Ra1 a2 56. Bf5 Kxc6 57. g4 Kd6 58. Be4 Rb3 59. Bc2 Ra4# 0-1


[Site "https://www.chess.com"]

[Event "Titled Tuesday Blitz May 2 Early 2023"]
[White "Srihari L R"]
[Black "Deac, Bogdan-Daniel"]
[WhiteFideId "46617116"]
[BlackFideId "1226380"]
[WhiteElo "2334"]
[BlackElo "2649"]
[Result "0-1"]
[Round "04"]
[TimeControl "180+2"]
[Date "2023.05.02"]
[WhiteClock "0:00:04"]
[BlackClock "0:00:06"]

1. d4 f5 2. c4 Nf6 3. Nc3 e6 4. Nf3 Bb4 5. Bd2 b6 6. e3 Bb7 7. Bd3 O-O 8. O-O Qe8 9. a3 Bxc3 10. Bxc3 Qg6 11. d5 exd5 12. Ne5 Qh5 13. Be2 Qe8 14. cxd5 Bxd5 15. Rc1 c6 16. Qd4 d6 17. Nd3 c5 18. Qh4 Nbd7 19. Nf4 Bb3 20. Qg5 g6 21. h4 Ne4 22. Qh6 Ne5 23. f3 Nxc3 24. Rxc3 Nf7 25. Qxf8+ Kxf8 26. Rxb3 Ne5 27. Kf2 Rd8 28. Rd1 Qf7 29. Rc3 h6 30. Rc2 g5 31. hxg5 hxg5 32. Nh3 Qf6 33. Rcd2 Kg7 34. f4 Nf7 35. fxg5 Nxg5 36. Nxg5 Qxg5 37. Rxd6 Rxd6 38. Rxd6 Qh4+ 39. Kf1 Qe7 40. Rd3 Kf6 41. b3 Qe5 42. a4 Qb2 43. Rd6+ Kg5 44. Bc4 Qc1+ 45. Kf2 f4 46. Rd5+ Kf6 47. exf4 Qxf4+ 48. Kg1 Qg3 49. Rd3 Qe1+ 50. Kh2 Qh4+ 51. Rh3 Qf4+ 52. Kg1 Ke5 53. Rf3 Qc1+ 54. Kf2 Qd2+ 55. Kf1 Qg5 56. Kf2 Ke4 0-1


[Site "https://www.chess.com"]

[Event "Titled Tuesday Blitz May 2 Early 2023"]
[White "Cherniaiev, Tykhon"]
[Black "Shimanov, Aleksandr"]
[WhiteFideId "14182360"]
[BlackFideId "4198603"]
[WhiteElo "2450"]
[BlackElo "2631"]
[Result "1-0"]
[Round "04"]
[TimeControl "180+2"]
[Date "2023.05.02"]
[WhiteClock "0:00:17"]
[BlackClock "0:00:30"]

1. Nf3 d5 2. d4 Nf6 3. c4 e6 4. Nc3 Nbd7 5. cxd5 exd5 6. Bg5 Be7 7. e3 c6 8. Bd3 Nh5 9. Bxe7 Qxe7 10. Qc2 Nb6 11. O-O Nf6 12. Rfe1 O-O 13. e4 dxe4 14. Nxe4 g6 15. Qc5 Qd8 16. Nd6 Rb8 17. h3 Be6 18. a4 Nfd7 19. Qa3 a5 20. Ne5 Bd5 21. Re3 Nf6 22. Rae1 Nc8 23. Nxc8 Rxc8 24. Qc3 Be6 25. Bc4 Bxc4 26. Qxc4 Nd5 27. Rf3 Rc7 28. Qc5 Re7 29. Qc1 Rfe8 30. Rd1 f6 31. Ng4 Re2 32. Ne3 Nxe3 33. fxe3 Qe7 34. Qc4+ 1-0


[Site "https://www.chess.com"]

[Event "Titled Tuesday Blitz May 2 Early 2023"]
[White "Sjugirov, Sanan"]
[Black "Lamaze, Simon"]
[WhiteFideId "4189302"]
[BlackFideId "36069264"]
[WhiteElo "2569"]
[BlackElo "2272"]
[Result "0-1"]
[Round "04"]
[TimeControl "180+2"]
[Date "2023.05.02"]
[WhiteClock "0:00:04"]
[BlackClock "0:01:41"]

1. d4 Nf6 2. c4 e6 3. Nc3 d5 4. Bg5 Be7 5. e3 O-O 6. Nf3 b6 7. Be2 Bb7 8. Bxf6 Bxf6 9. cxd5 exd5 10. b4 c5 11. bxc5 bxc5 12. Rb1 Qc8 13. Qd2 Nd7 14. O-O c4 15. Rb5 Bc6 16. Rxd5 Bxd5 17. Nxd5 Qc6 18. e4 Nb6 19. Nc3 Rad8 20. Qe3 Rfe8 21. Rc1 g6 22. h4 Bg7 23. h5 gxh5 24. Qg5 Qh6 25. Qxh6 Bxh6 26. Rd1 Bg7 27. Kf1 Re7 28. e5 f6 29. a4 fxe5 30. a5 exd4 31. axb6 d3 32. Bxd3 cxd3 33. bxa7 Rxa7 34. Ne4 Ra1 35. Rxa1 Bxa1 36. g3 Kf7 37. Kg2 Bg7 38. Nfd2 Ke6 39. f4 Kd5 40. Kf3 Kd4 41. Nb3+ Kc4 42. Nbd2+ Kb4 43. Ke3 Bc3 44. Nf3 Kb3 45. f5 Kc2 0-1


[Site "https://www.chess.com"]

[Event "Titled Tuesday Blitz May 2 Early 2023"]
[White "Martinez Ramirez, Lennis"]
[Black "Grigoriants, Sergey"]
[WhiteFideId "3509079"]
[BlackFideId "4130804"]
[WhiteElo "2410"]
[BlackElo "2502"]
[Result "0-1"]
[Round "04"]
[TimeControl "180+2"]
[Date "2023.05.02"]
[WhiteClock "0:00:02"]
[BlackClock "0:00:11"]

1. Nf3 d5 2. c4 d4 3. b4 Bg4 4. Ne5 Bf5 5. g4 Be4 6. f3 e6 7. h4 Bd6 8. fxe4 Bxe5 9. d3 Bg3+ 10. Kd2 Bxh4 11. Qa4+ Nc6 12. Kc2 Bg5 13. Nd2 Nf6 14. Bh3 O-O 15. Nf3 Bxc1 16. Raxc1 Nd7 17. Qb5 a5 18. Qh5 axb4 19. g5 Re8 20. Ra1 Nf8 21. Bg4 Ra5 22. Qh2 Qd6 23. e5 Nxe5 24. Nxe5 Qxe5 25. Qg3 Qxg3 26. Bf3 Rea8 27. Kb3 Ra3+ 28. Kb2 Qxg5 0-1


[Site "https://www.chess.com"]